 Dungeon Crawl Stone Soup version 0.21.1-1-g345015f (webtiles) character file.

105 tidbits the Insei (level 4, -5/34 HPs)
             Began as a Gnoll Transmuter on Feb 7, 2018.
             Slain by a gnoll (7 damage)
             ... on level 3 of the Dungeon.
             The game lasted 00:05:23 (583 turns).

tidbits the Insei (Gnoll Transmuter)                 Turns: 583, Time: 00:05:24

Health: -5/34      AC:  2    Str: 12    XL:     4   Next: 81%
Magic:  8/11       EV: 23    Int: 17    God:
Gold:   67         SH:  0    Dex: 20    Spells: 7/13 levels left

rFire    . . .     SeeInvis .     - Unarmed
rCold    . . .     Gourm    .   (shield currently unavailable)
rNeg     . . .     Faith    .   (armour currently unavailable)
rPois    x         Spirit   .   (helmet currently unavailable)
rElec    .         Reflect  .   (cloak currently unavailable)
rCorr    .         Harm     .   (gloves currently unavailable)
MR       .....                  (boots currently unavailable)
Stlth    ++........             j - amulet of magic regeneration
HPRegen  0.11/turn              (no ring)
MPRegen  0.37/turn              (no ring)

@: spider-form (expiring)
A: tiny, distributed training, strong nose
a: End Transformation


You were on level 3 of the Dungeon.
You were not hungry.
You were a venomous arachnid creature.
You visited 1 branch of the dungeon, and saw 3 of its levels.

You collected 67 gold pieces.

Inventory:

Hand Weapons
 e - a +0 rapier
 f - a +0 mace
 o - a +2 hand axe of flaming
   (You found it on level 2 of the Dungeon)
Missiles
 a - 28 arrows
Armour
 b - a +0 robe (melded)
 i - a +0 ring mail
 m - a cursed +0 ring mail
Jewellery
 j - an amulet of magic regeneration (around neck)
   (You found it on level 2 of the Dungeon)
Scrolls
 k - a scroll of remove curse {unknown}
 l - a scroll of blinking {unknown}
 n - a scroll of enchant armour {unknown}
Potions
 h - a potion of lignification
Books
 c - a book of Changes

   Spells                             Type                      Level
   a - Beastly Appendage              Transmutation                1
   b - Sticks to Snakes               Transmutation                2
   c - Spider Form                    Transmutation/Poison         3
   d - Ice Form                       Ice/Transmutation            4
   e - Blade Hands                    Transmutation                5
Comestibles
 d - 4 rations


   Skills:
 + Level 2.8 Fighting
 + Level 1.2 Short Blades
 + Level 1.2 Long Blades
 + Level 1.2 Axes
 + Level 1.2 Maces & Flails
 + Level 1.2 Polearms
 + Level 1.2 Staves
 + Level 1.2 Slings
 + Level 1.2 Bows
 + Level 1.2 Crossbows
 + Level 1.2 Throwing
 + Level 1.2 Armour
 + Level 4.7 Dodging
 + Level 1.2 Stealth
 + Level 1.2 Shields
 + Level 6.6 Unarmed Combat
 + Level 5.1 Spellcasting
 + Level 1.0 Conjurations
 + Level 1.0 Hexes
 + Level 1.0 Charms
 + Level 1.0 Summonings
 + Level 1.0 Necromancy
 + Level 1.0 Translocations
 + Level 3.9 Transmutations
 + Level 1.0 Fire Magic
 + Level 1.0 Ice Magic
 + Level 1.0 Air Magic
 + Level 1.0 Earth Magic
 + Level 1.0 Poison Magic
 + Level 1.3 Invocations
 + Level 1.2 Evocations


You had 7 spell levels left.
You knew the following spells:

 Your Spells              Type           Power        Failure   Level  Hunger
e - Beastly Appendage     Tmut           ###...       10%         1    None
k - Sticks to Snakes      Tmut           ###.....     13%         2    #......
p - Spider Form           Tmut/Pois      ##........   34%         3    ###....


Dungeon Overview and Level Annotations

Branches:
Dungeon (3/15)

Altars:

Annotations:
D:2 Natasha
D:3 letownia3's ghost, weakling DsWz


Innate Abilities, Weirdness & Mutations

Your experience applies equally to all skills.
((You have very sharp teeth.))
Your uncanny sense of smell can sniff out nearby items.


Message History

Found a short sword.
Your transformation is almost over.
You swap places.
Natasha, Servant of Life and Death comes into view.
There is a stone staircase leading down here.
Natasha casts a spell at you. You resist with some effort.
You climb downwards.
Your summoned allies are left behind.
You hear the sound of rushing water.
There is an entrance to a sewer on this level.
Hurry and find it before the portal rusts away!
Letownia3's ghost (weakling Demonspawn Wizard) comes into view.
Found an escape hatch in the floor.
There is a stone staircase leading up here.
Okay, then.
As you read the scroll labeled QENKADGHAOPS, it crumbles to dust.
It is a scroll of identify.
h - a potion of lignification It was a potion of haste.
You feel yourself speed up.
Your transformation has ended.
Your +0 robe unmelds from your body.
Okay, then.
There is a stone staircase leading up here.
Found a morningstar.
Found a ration.
Found a rapier.
You see here a ration.
d - 4 rations (gained 1)
You see here a rapier.
e - a rapier Your magical contamination has completely faded away.
Your extra speed is starting to run out.
You feel yourself slow down.
A hobgoblin comes into view. It is wielding a club.
You hear the slow rusting of a distant drain.
Found 16 stones.
Found a scratched bone ring.
Found a stone staircase leading down.
A gnoll comes into view. It is wielding a spear.
The gnoll moves out of view.
A gnoll comes into view. It is wielding a spear.
The gnoll shouts! x2; You hear a shout!
Found a ration and 2 lumpy sapphire potions.
Casting: Sticks to Snakes
Confirm with . or Enter, or press ? or * to list all spells.
You create a snake!
You now have 29 arrows.
A gnoll comes into view. It is wielding an enchanted spear.
Casting: Sticks to Snakes
Confirm with . or Enter, or press ? or * to list all spells.
You turn into a venomous arachnid creature.
Your +0 robe melds into your body.
Casting: Spider Form
Confirm with . or Enter, or press ? or * to list all spells.
You create a snake!
You now have 28 arrows.
The gnoll barely misses you.
Your ball python bites the gnoll but does no damage.
Your ball python grabs the gnoll.
Your ball python constricts the gnoll.
The gnoll misses you.
Your ball python bites the gnoll.
Your ball python constricts the gnoll.
The gnoll hits you from afar with a spear.
* * * LOW HITPOINT WARNING * * *
You hit the gnoll but do no damage.
The gnoll is poisoned.
The gnoll is lightly wounded.
Your adder bites the gnoll.
The gnoll completely misses you.
Your ball python completely misses the gnoll.
Your ball python constricts the gnoll.
You bite the gnoll!
You kill the gnoll!
Your Conjurations skill increases to level 1!
Your Hexes skill increases to level 1!
Your Charms skill increases to level 1!
Your Summonings skill increases to level 1!
Your Necromancy skill increases to level 1!
Your Translocations skill increases to level 1!
Your Fire Magic skill increases to level 1!
Your Ice Magic skill increases to level 1!
Your Air Magic skill increases to level 1!
Your Earth Magic skill increases to level 1!
Your Poison Magic skill increases to level 1!
You swap places.
A gnoll comes into view.
The gnoll closely misses you. The gnoll barely misses you.
Things that are here:
a spear; a gnoll corpse You bite the gnoll!
The gnoll is poisoned.
The gnoll is heavily wounded.
The gnoll misses you.
You bite the gnoll!
You kill the gnoll!
The gnoll closely misses you.
Your ball python barely misses the gnoll.
Your ball python grabs the gnoll.
Your ball python constricts the gnoll.
You hit the gnoll.
The gnoll is poisoned.
The gnoll is heavily wounded.
Your transformation is almost over.
The gnoll misses you. The gnoll hits you.
* * * LOW HITPOINT WARNING * * *
Your ball python bites the gnoll but does no damage.
Your ball python constricts the gnoll.
You hit the gnoll.
The gnoll looks as sick as possible!
The gnoll is severely wounded.
The gnoll barely misses you. The gnoll hits you!
You die...

#...# #...## .###
#....∆
....###...#####.
.........>......
.....=gS......!
......gS......%
#s..#####..
#..........
#...###### #...#
#...# .. ###...###
.# #......(# .##
##........### ..
######...##.##...##
.#


You could see 2 gnolls, a friendly adder and a friendly ball python.

Vanquished Creatures
  Natasha (D:2)
  3 adders (D:2)
  2 gnolls (D:3)
  2 dart slugs
  5 leopard geckos (D:2)
  4 goblins
  2 kobolds (D:1)
  A bat (D:2)
  A frilled lizard (D:2)
  A rat (D:2)
22 creatures vanquished.

Vanquished Creatures (collateral kills)
  Jessica (D:2)
1 creature vanquished.

Grand Total: 23 creatures vanquished

Notes
Turn   | Place    | Note
-------+----------+-------------------------------------------
     0 | D:1      | tidbits the Gnoll Transmuter began the quest for the Orb.
     0 | D:1      | Reached XP level 1. HP: 17/17 MP: 6/6
    56 | D:1      | Reached XP level 2. HP: 22/23 MP: 7/7
    89 | D:1      | Learned a level 2 spell: Sticks to Snakes
   199 | D:2      | Noticed Jessica
   210 | D:2      | Killed Jessica
   210 | D:2      | Reached skill level 5 in Spellcasting
   210 | D:2      | Reached XP level 3. HP: 28/28 MP: 1/9
   215 | D:2      | Learned a level 3 spell: Spider Form
   275 | D:2      | Reached skill level 1 in Invocations
   454 | D:2      | Noticed Natasha
   459 | D:2      | Reached skill level 1 in Short Blades
   459 | D:2      | Reached skill level 1 in Long Blades
   459 | D:2      | Reached skill level 1 in Axes
   459 | D:2      | Reached skill level 1 in Maces & Flails
   459 | D:2      | Reached skill level 1 in Polearms
   459 | D:2      | Reached skill level 1 in Staves
   459 | D:2      | Reached skill level 1 in Slings
   459 | D:2      | Reached skill level 1 in Bows
   459 | D:2      | Reached skill level 1 in Crossbows
   459 | D:2      | Reached skill level 1 in Throwing
   459 | D:2      | Reached skill level 1 in Armour
   459 | D:2      | Reached skill level 1 in Stealth
   459 | D:2      | Reached skill level 1 in Shields
   459 | D:2      | Reached skill level 1 in Evocations
   463 | D:2      | Killed Natasha
   463 | D:2      | Reached XP level 4. HP: 6/34 MP: 7/11
   489 | D:2      | Noticed Natasha
   492 | D:3      | Noticed letownia3's ghost (weakling DsWz)
   578 | D:3      | Reached skill level 1 in Conjurations
   578 | D:3      | Reached skill level 1 in Hexes
   578 | D:3      | Reached skill level 1 in Charms
   578 | D:3      | Reached skill level 1 in Summonings
   578 | D:3      | Reached skill level 1 in Necromancy
   578 | D:3      | Reached skill level 1 in Translocations
   578 | D:3      | Reached skill level 1 in Fire Magic
   578 | D:3      | Reached skill level 1 in Ice Magic
   578 | D:3      | Reached skill level 1 in Air Magic
   578 | D:3      | Reached skill level 1 in Earth Magic
   578 | D:3      | Reached skill level 1 in Poison Magic
   582 | D:3      | HP: 2/34 [gnoll (6)]
   583 | D:3      | Slain by a gnoll

Skill      XL: |  1  2  3  4 |
---------------+-------------+-----
Spellcasting   | 5 |  5.1
Invocations    | 1 |  1.3
Short Blades   | 1 |  1.2
Long Blades    | 1 |  1.2
Axes           | 1 |  1.2
Maces & Flails | 1 |  1.2
Polearms       | 1 |  1.2
Staves         | 1 |  1.2
Slings         | 1 |  1.2
Bows           | 1 |  1.2
Crossbows      | 1 |  1.2
Throwing       | 1 |  1.2
Armour         | 1 |  1.2
Stealth        | 1 |  1.2
Shields        | 1 |  1.2
Evocations     | 1 |  1.2
Conjurations   | 1 |  1.0
Hexes          | 1 |  1.0
Charms         | 1 |  1.0
Summonings     | 1 |  1.0
Necromancy     | 1 |  1.0
Translocations | 1 |  1.0
Fire Magic     | 1 |  1.0
Ice Magic      | 1 |  1.0
Air Magic      | 1 |  1.0
Earth Magic    | 1 |  1.0
Poison Magic   | 1 |  1.0
Fighting       | |  2.8
Dodging        | |  4.7
Unarmed Combat | |  6.6
Transmutations | |  3.9

Action                   |  1- 3 |  4- 6 || total
-------------------------+-------+-------++-------
Melee: Unarmed           |    48 |     9 ||    57
       Headbutt          |     1 |       ||     1
       Kick              |     1 |       ||     1
       Bite              |     1 |       ||     1
 Cast: Beastly Appendage |     7 |       ||     7
       Sticks to Snakes  |     4 |     4 ||     8
       Spider Form       |     3 |     2 ||     5
  Use: Scroll            |       |     1 ||     1
       Potion            |       |     1 ||     1
Armor: Robe              |     1 |       ||     1
       Skin              |     1 |       ||     1
Dodge: Dodged            |    42 |    11 ||    53

Table legend:
 A = Turns spent in this place as a percentage of turns spent in the entire game.
 B = Non-inter-level travel turns spent in this place as a percentage of non-inter-level travel turns spent in the entire game.
 C = Inter-level travel turns spent in this place as a percentage of turns spent in this place.
 D = Turns resting spent in this place as a percentage of non-inter-level travel turns spent in this place.
 E = Turns spent auto-exploring this place as a percentage of non-inter-level travel turns spent in this place.
 F = Non-inter-level travel turns spent in this place divided by the number of levels of this place that you've seen.
                   A       B       C       D       E      F
               +-------+-------+-------+-------+-------+----------------------
         Total | 100.0 | 100.0 |   4.3 |   0.0 |   0.0 | 186.0
       Dungeon | 100.0 | 100.0 |   4.3 |   0.0 |   0.0 | 186.0
               +-------+-------+-------+-------+-------+----------------------

Table legend:
 A = Kills in this place as a percentage of kills in entire the game.
 B = Kills by you in this place as a percentage of kills by you in the entire game.
 C = Kills by friends in this place as a percentage of kills by friends in the entire game.
 D = Other kills in this place as a percentage of other kills in the entire game.
 E = Experience gained in this place as a percentage of experience gained in the entire game.
 F = Experience gained in this place divided by the number of levels of this place that you have seen.
                   A       B       C       D       E      F
               +-------+-------+-------+-------+-------+----------------------
         Total | 100.0 | 100.0 | 100.0 |   N/A | 100.0 |  50.0
       Dungeon | 100.0 | 100.0 | 100.0 |   N/A | 100.0 |  50.0
               +-------+-------+-------+-------+-------+----------------------

Vault maps used:
D:1:      matt_arrival_refuge, minmay_distorted
D:2:      first_ration, uniq_jessica, uniq_natasha
D:3:      portal_sewer_entry_b, serial_park_tiny_1, uniq_crazy_yiuf_cottage
